Description

Used by Ryung. Can either choose to be all-in or economic.

  • For all in, have the 2 naturals fully running, have 5 barracks. If you see blink stalkers, have 3 techlab barracks. If you see adepts, have 2 techlab barracks. *if enemy is not harassing early, get 1 more gas, and get 1st bio attack upgrade which takes 114 secs, about the time as stimpack.
  • For economic, pressure enemy, make 3rd cc at base, make sure you constantly drop WMS later as harass.

Be aware of

  • phoenix, adept, oracle comp (+ adept drop, harass, oracle stasis ward)
  • DT, Colossus tech

Build Order

Why is there no SALT encoding or Overwolf build?

  13  0:00  SCV  
  14  0:12  SCV  
  14  0:17  Supply Depot  
  15  0:24  SCV  
  15  0:29  Refinery  
  16  0:38  SCV  
  16  0:44  Barracks  
  17  0:51  SCV  
  18  1:03  SCV  
  19  1:15  SCV  
  20  1:31  Reaper, Orbital Command  
  20  1:43  Command Center  
  20  1:54  Factory  
  21  1:57  SCV  
  21  2:03  Refinery  
  21  2:07  Barracks Reactor  
  22  2:09  SCV  
  22  2:14  Supply Depot  
  23  2:21  SCV  
  24  2:35  SCV  
  24  2:38  Starport  
  26  2:41  Widow Mine  use for defense
  27  2:43  Marine x2  
  29  2:48  SCV  
  29  2:56  Orbital Command  
  30  3:00  SCV  
  31  3:04  Marine  
  32  3:06  Marine  
  34  3:09  Widow Mine  defense, or use it for drop with the other WM later
  35  3:12  SCV  
  37  3:15  Medivac  
  38  3:25  Marine x2  
  40    SCV  
      SCV  
    3:41  Barracks  
      SCV  
      SCV  
    3:44  Barracks  
    3:45  Factory Tech Lab  For barrack techlab
    3:47  Starport Tech Lab  For barrack techlab
    3:49  Supply Depot  
    3:53  Marine x2  
      SCV  
      SCV  
    4:07  Engineering Bay  
      SCV  
      SCV  
    4:14  Reactor x2  swab after done, swab after done
    4:21  Marine x2  
    4:24  Supply Depot  
      SCV  
      SCV  
  52  4:38  Combat Shields, Stimpack  takes 121 secs, takes 79 secs
Spawning Tool Build Advisor. Get it on Overwolf

Go to:

Details

  • Created by: remnant09
  • Published on: Apr 29, 2017
  • Modified on: Jul 06, 2018
  • Patch: 4.0.0
Show

Export as new Build Order

Comments (3)

On May 1, 2017, 11:25 p.m., remnant09  said:

No.... it was a test build that he did when I was watching his stream.

On May 1, 2017, 10:21 p.m., StoicLoofah  said:

Thanks for sharing this build. Do you have a replay or VOD of Ryung using it?

On April 30, 2017, 1:16 a.m., remnant09  said:

Cmon, you don't need SALT for this simple build.

Create an account to comment!